Cogmind - Beta 13 @@@ ROGUE MODE // 2024.08.04 @ 20:32:41 Player: weedlord420 Result: Self-destructed Performance ------------- Evolutions (4) 2000 Regions Visited (5) 1000 Robots Destroyed (51) 255 Value Destroyed (1385) 1385 Prototype IDs (12) 240 Alien Tech Used (0) 0 Bonus (75) 75 TOTAL SCORE: 4955 Bonus ------- Follower Combat Kills 166 Friendly Fire -91 Cogmind --------- Core Integrity 683/850 Matter 293/300 Energy 51/100 System Corruption 1% Temperature Cool (0) Movement Walking (118) Location -6/Factory Parts ------- > --- POWER (2) -------- (None) > --- PROPULSION (4) --- VSS-Armored Exoskeleton > --- UTILITY (6) ------ Armored Scrap Engine Layered Light Armor Plating Improved Hardlight Generator > --- WEAPON (3) ------- Flak Ballistic Gauss Construct/G Hvy. Ballistic Shock Construct/C > --- INVENTORY (5) ---- Core Analyzer Improved Hardlight Generator System Shield Improved System Shield System Restoration Module Peak State ------------ > --- POWER ------------ Fission-Momentum Core > --- PROPULSION ------- VSS-Armored Exoskeleton > --- UTILITY ---------- Armored Scrap Engine Medium Storage Unit Thermal Defense Suite Improved Hardlight Generator Hacking Suite > --- WEAPON ----------- Flak Ballistic Gauss Construct/G Hvy. Ballistic Shock Construct/C > --- INVENTORY -------- Improved Heat Sink Core Analyzer Layered Light Armor Plating Improved Hardlight Generator Hacking Suite System Shield Improved System Shield System Restoration Module Improved Proton Missile Launcher Heavy Rocket Launcher [Rating: 77] Favorites ----------- Power Ion Engine Engine Ion Engine Power Core Constructs Propulsion Light Treads Treads Light Treads Leg Constructs Utility Heat Sink Device Heat Sink Storage Medium Storage Unit Processor Machine Analyzer Hackware Hacking Suite Protection Layered Light Armor Plating Weapon Beam Cannon Energy Gun Medium Laser Energy Cannon Beam Cannon Ballistic Gun Subdweller Machine Gun Ballistic Cannon Constructs Launcher Grenade Launcher Build | -11 -10 -10 -10 -8 -6 ------- Run | Yrd Mat Min Sub Rec Fac Slots Evolved 8 | . . . . . 8 Power 1 | . . . . . 1 Propulsion 2 | . . . . . 2 Utility 4 | . . . . . 4 Weapon 1 | . . . . . 1 Parts Attached 37 | 6 7 4 9 1 10 Power 5 | 1 2 . 2 . . Engine 4 | 1 2 . 1 . . Core 1 | . . . 1 . . Reactor . | . . . . . . Propulsion 6 | 2 2 1 1 . . Treads 6 | 2 2 1 1 . . Leg . | . . . . . . Wheel . | . . . . . . Hover . | . . . . . . Flight . | . . . . . . Utility 15 | 1 1 1 1 1 10 Device 9 | . 1 . 1 1 6 Storage 3 | 1 . 1 . . 1 Processor 1 | . . . . . 1 Hackware 1 | . . . . . 1 Protection 1 | . . . . . 1 Artifact . | . . . . . . Weapon 11 | 2 2 2 5 . . Energy Gun 2 | 2 . . . . . Energy Cannon 4 | . 2 1 1 . . Ballistic Gun 3 | . . . 3 . . Ballistic Cannon . | . . . . . . Launcher 2 | . . 1 1 . . Special Weapon . | . . . . . . Impact Weapon . | . . . . . . Slashing Weapon . | . . . . . . Piercing Weapon . | . . . . . . Special Melee Weapon . | . . . . . . Unidentified Prototypes 1 | . . . . . 1 Parts Lost 7 | . . . . . 7 Power 2 | . . . . . 2 Propulsion . | . . . . . . Utility 5 | . . . . . 5 Weapon . | . . . . . . Highest Loss Streak 5 | . . . . . 5 To Critical Strikes . | . . . . . . Average Slot Usage (%) 87 | . 99 100 98 70 63 Engine 9 | . 13 14 12 . 4 Core 2 | . . . 1 14 1 Treads 21 | . 27 28 28 15 3 Device 14 | . 13 14 14 13 15 Storage 10 | . 14 14 14 . 5 Hackware 1 | . . . . . 5 Energy Gun 10 | . 15 14 1 21 9 Energy Cannon 8 | . 12 13 12 . 2 Ballistic Gun 4 | . . . 12 3 1 Naked Turns . | . . . . . . Heaviest Build 55 | 14 16 21 32 23 55 Greatest Support 96 | 40 40 40 40 40 96 Greatest Overweight (x) 1 | . . . . . 1 Average Overweight (x) . | . . . . . . Largest Inventory Capacity 10 | 8 8 10 10 10 10 Average Capacity 8 | 6 8 8 10 5 9 Most Carried 10 | 5 8 8 10 10 10 Average Carried 7 | 2 7 8 9 5 7 Final Capacity 10 | 8 8 10 10 5 5 Final Carried 10 | 1 8 8 10 5 5 Scrap Engine Consumption 104 | . . . . 35 69 Constructs Created 5 | . . . . 3 2 Constructs Modified 30 | . . . . 2 28 Class Distribution -------------------- 68% | Mutant 22% | Construct 7% | Commander-Construct Dominant Class ---------------- Mutant | -10/Materials Mutant | -10/Mines Mutant | -10/Subcaves Commander-Construct | -8/Recycling Construct | -6/Factory Resources | -11 -10 -10 -10 -8 -6 ----------- Run | Yrd Mat Min Sub Rec Fac Matter Collected 948 | 218 189 43 184 29 285 Remotely . | . . . . . . Salvage Created 2329 | . 535 20 74 300 1400 Parts 139 | . 41 6 6 10 76 Haulers Intercepted 3 | . 2 . . . 1 Recyclers Shooed 5 | . . . . 2 3 Parts Field Recycled . | . . . . . . Retrieved Matter . | . . . . . . Parts Self-Destructed 11 | . . . 11 . . Prevented . | . . . . . . Kills | -11 -10 -10 -10 -8 -6 ------- Run | Yrd Mat Min Sub Rec Fac Combat Hostiles Destroyed 30 | . 12 . 2 1 15 Guns 14 | . 5 . 2 1 6 Cannons 15 | . 7 . . . 8 Classes Destroyed 16 | . 7 1 2 2 4 Worker 3 | . . . . . 3 Builder 2 | . . 1 . . 1 Tunneler 3 | . 1 1 . . 1 Hauler 3 | . 2 . . . 1 Recycler 3 | . . . . 1 2 Mechanic 2 | . 1 . . . 1 Operator 1 | . 1 . . . . Turret 2 | . . . 2 . . Watcher 2 | . 1 . . . 1 Swarmer 9 | . 6 . 2 . 1 Grunt 10 | . 6 . . . 4 Sentry 6 | . . . . 1 5 Specialist 1 | . . . . . 1 Hunter 2 | . . . . . 2 Programmer 2 | . . . . . 2 Artisan 1 | . . . 1 . . Best Kill Streak 4 | . 3 2 3 2 4 Combat Bots Only 3 | . 3 . 2 1 2 Max Kills in Single Turn 2 | . 1 2 1 1 2 Gunslinging . | . . . . . . Exploded . | . . . . . . Melee . | . . . . . . Uniques/NPCs Destroyed . | . . . . . . Combat | -11 -10 -10 -10 -8 -6 -------- Run | Yrd Mat Min Sub Rec Fac Hostile Shots Fired 528 | . 36 . 58 8 426 Missed 187 | . 10 . 26 3 148 Damage Taken 2674 | . 284 . 227 69 2094 Core 241 | . 46 . 14 14 167 Absorbed by Shields 955 | . . . . 4 951 Ignored by Resistances 91 | . . . . . 91 Regen/Repaired (Parts) 483 | . 69 . . 29 385 Core Remaining (%) 85 | 100 . . . 70 . Volleys Fired 170 | . 46 2 29 15 78 Largest 3 | . 2 2 2 2 3 Hottest 185 | . 110 110 120 102 185 Shots Fired 359 | . 91 4 50 30 184 Gun 221 | . 47 2 22 30 120 Cannon 136 | . 44 1 27 . 64 Launcher 2 | . . 1 1 . . Special . | . . . . . . Kinetic 65 | . . . 23 2 40 Thermal 209 | . 89 3 27 . 90 Explosive 1 | . . 1 . . . Electromagnetic 84 | . 2 . . 28 54 Robot Hit Streak 19 | . 5 . 8 9 19 Robot Miss Streak 6 | . 4 . 3 1 6 Penetration Max . | . . . . . . Secondary Targets . | . . . . . . Shots Hit Robots 216 | . 46 . 22 23 125 Core Hits 117 | . 22 2 7 9 77 Critical Kills 2 | . . . . . 2 Critical Parts Destroyed . | . . . . . . Critical Strikes 6 | . 3 . . . 3 Burn 3 | . 3 . . . . Destroy 2 | . . . . . 2 Corrupt 1 | . . . . . 1 Melee Attacks . | . . . . . . Impact . | . . . . . . Slashing . | . . . . . . Piercing . | . . . . . . Sneak Attacks . | . . . . . . Combat Hostiles . | . . . . . . Follow-up Attacks . | . . . . . . Damage Inflicted 5086 | . 691 62 563 402 3368 Guns 2632 | . 326 . 311 399 1596 Cannons 2307 | . 365 . 173 . 1769 Explosions 141 | . . 62 79 . . Melee . | . . . . . . Ramming 6 | . . . . 3 3 Kinetic 1655 | . . . 390 35 1230 Thermal 2441 | . 679 . 173 . 1589 Explosive 62 | . . 62 . . . Electromagnetic 922 | . 12 . . 364 546 Impact . | . . . . . . Slashing . | . . . . . . Piercing . | . . . . . . Highest Corruption 1 | . . . . . 1 Average Corruption 1 | . . . . . 1 Corruption Purged . | . . . . . . Corruption Blocked . | . . . . . . Effects 4 | . . . . . 4 Message Errors 3 | . . . . . 3 Heat Flow Errors 1 | . . . . . 1 Overload Shots 15 | . . . . . 15 Overflow Damage 104 | . . . 19 . 85 Projectiles 104 | . . . 19 . 85 Explosions . | . . . . . . Melee . | . . . . . . Knockbacks 5 | . . . . . 5 Impact . | . . . . . . Kinetic 5 | . . . . . 5 Secondary . | . . . . . . Self-Inflicted Damage . | . . . . . . Shots . | . . . . . . Rammed 1 | . . . . 1 . Targets Rammed 2 | . . . . 1 1 Kicked 1 | . . . . . 1 Crushed . | . . . . . . Highest Temperature 500 | . 210 18 . 315 500 Average Temperature 103 | . 62 12 . 99 127 Received Heat Transfer 564 | . 90 . 120 9 345 Effects 1 | . . . . . 1 Interference 1 | . . . . . 1 Siege Activations . | . . . . . . Robots Corrupted 1 | . . . . 1 . Combat Hostiles 1 | . . . . 1 . Parts Fried 3 | . . . . 1 2 Impact Corruptions . | . . . . . . Robots Melted 1 | . . . . . 1 Combat Hostiles 1 | . . . . . 1 Parts Melted 9 | . 3 . . . 6 Heat Transferred 5117 | . 1924 . 333 . 2860 Parts Sabotaged . | . . . . . . Parts Stolen . | . . . . . . Parts Stripped . | . . . . . . Power Chain Reactions . | . . . . . . Alert | -11 -10 -10 -10 -8 -6 ------- Run | Yrd Mat Min Sub Rec Fac Peak Influence 261 | . 261 39 . 227 228 Initial 190 | . . 39 . 190 11 Average 87 | . 111 18 . 96 99 Maximum Alert Level 1 | . 1 . . 1 1 Low Security (%) 88 | 100 87 100 . 71 92 Level 1 11 | . 12 . . 28 7 Level 2 . | . . . . . . Level 3 . | . . . . . . Level 4 . | . . . . . . Level 5 . | . . . . . . High Security . | . . . . . . Max Security . | . . . . . . Squads Dispatched 6 | . 3 . . . 3 Investigation 2 | . 2 . . . . Extermination 2 | . . . . . 2 Reinforcement 2 | . 1 . . . 1 Assault . | . . . . . . Garrison . | . . . . . . Intercept . | . . . . . . Searches Triggered . | . . . . . . Construction Impeded . | . . . . . . Haulers Reinforced 1 | . . . . . 1 Active Scanning Responses . | . . . . . . Cargo Convoy Interrupts 1 | . . . . . 1 Stealth | -11 -10 -10 -10 -8 -6 --------- Run | Yrd Mat Min Sub Rec Fac Distress Signals 2 | . 1 . . . 1 Communications Jammed . | . . . . . . Distress Signals . | . . . . . . Times Spotted 82 | . 23 . 23 2 34 Peak Tracking Total 6 | . 5 . 6 1 6 Tactical Retreats 8 | . 3 . 4 . 1 Traps | -11 -10 -10 -10 -8 -6 ------- Run | Yrd Mat Min Sub Rec Fac Traps Triggered 2 | . 2 . . . . Indirectly . | . . . . . . Trap Hack Attempts . | . . . . . . Triggered . | . . . . . . Disarmed . | . . . . . . Reprogrammed . | . . . . . . Reused . | . . . . . . Traps Extracted . | . . . . . . Installed . | . . . . . . Triggered 1 | . . . . . 1 Machines | -11 -10 -10 -10 -8 -6 ---------- Run | Yrd Mat Min Sub Rec Fac Machines Disabled 5 | . 2 . 3 . . Max in Single Turn 3 | . 1 . 3 . . Machines Repaired . | . . . . . . Machines Dismantled . | . . . . . . Machines Sabotaged . | . . . . . . Overloaded Fab Kills . | . . . . . . Hacking | -11 -10 -10 -10 -8 -6 --------- Run | Yrd Mat Min Sub Rec Fac Machines Accessed 13 | . 6 . 1 4 2 Terminals 11 | . 5 . . 4 2 Fabricators . | . . . . . . Repair Stations 1 | . 1 . . . . Recycling Units . | . . . . . . Scanalyzers . | . . . . . . Garrison Access . | . . . . . . Total Hacks 34 | . 16 . 4 11 3 Successful 15 | . 6 . 4 5 . Failed 19 | . 10 . . 6 3 Catastrophic 2 | . 1 . . . 1 Database Lockouts . | . . . . . . Manual 11 | . 6 . . 5 . Terminals 27 | . 13 . . 11 3 Fabricators . | . . . . . . Repair Stations 3 | . 3 . . . . Recycling Units . | . . . . . . Scanalyzers . | . . . . . . Garrison Access . | . . . . . . Terminal Hacks 11 | . 3 . 4 4 . Record 4 | . . . 4 . . Prototype ID Bank 3 | . 1 . . 2 . Branch Access Points 2 | . 1 . . 1 . Locate Traps 1 | . . . . 1 . Registered Components 1 | . 1 . . . . Fabricator Hacks . | . . . . . . Repair Station Hacks 2 | . 2 . . . . Scan Component 1 | . 1 . . . . Repair 1 | . 1 . . . . Recycling Unit Hacks . | . . . . . . Scanalyzer . | . . . . . . Garrison Access Hacks . | . . . . . . Unauthorized Hacks 2 | . 1 . . 1 . Terminals 2 | . 1 . . 1 . Track 1 | . . . . 1 . Operators 1 | . 1 . . . . Fabricators . | . . . . . . Repair Stations . | . . . . . . Recycling Units . | . . . . . . Scanalyzers . | . . . . . . Garrison Access . | . . . . . . Data Cores Recovered . | . . . . . . Used . | . . . . . . Hacking Detections 12 | . 6 . . 4 2 Full Trace Events 2 | . 2 . . . . Feedback Events . | . . . . . . Feedback Blocked . | . . . . . . Robot Schematics Acquired . | . . . . . . Robots Built . | . . . . . . Authchips . | . . . . . . Time . | . . . . . . Total Robot Build Rating . | . . . . . . Part Schematics Acquired . | . . . . . . Parts Built . | . . . . . . Authchips . | . . . . . . Time . | . . . . . . Total Part Build Rating . | . . . . . . Parts Repaired 1 | . 1 . . . . Time 26 | . 26 . . . . Parts Recycled . | . . . . . . Recycled Matter . | . . . . . . Retrieved Matter . | . . . . . . Retrieved Components . | . . . . . . Parts Scanalyzed . | . . . . . . Part Schematics Acquired . | . . . . . . Parts Damaged . | . . . . . . Bothacking | -11 -10 -10 -10 -8 -6 ------------ Run | Yrd Mat Min Sub Rec Fac Used RIF Installer . | . . . . . . Robots Hacked . | . . . . . . Non-combat . | . . . . . . Combat . | . . . . . . Robot Hacks Applied . | . . . . . . Relay Couplers Released . | . . . . . . Fabnet Peak Effective % . | . . . . . . Robots Rewired 12 | . . . . 12 . Allies Hacked 1 | . . . . . 1 Hacks Repelled . | . . . . . . Allies | -11 -10 -10 -10 -8 -6 -------- Run | Yrd Mat Min Sub Rec Fac Total Allies 15 | . . 3 . 12 . Largest Group 12 | . . 3 3 12 11 Highest-Rated Group 163 | . . 40 40 163 153 Highest-Rated Ally 27 | . . 16 16 27 27 Total Orders 2 | . . . . . 2 GUARD 1 | . . . . . 1 PICKUP 1 | . . . . . 1 Ally Attacks 35 | . . . 17 4 14 Total Damage 428 | . . . 197 79 152 Kills 6 | . . . 2 2 2 Allies Corrupted . | . . . . . . Allies Melted . | . . . . . . Intel | -11 -10 -10 -10 -8 -6 ------- Run | Yrd Mat Min Sub Rec Fac Robot Analysis Total . | . . . . . . Derelict Logs Recovered 1 | . . 1 . . . Drone Launches . | . . . . . . Drone Recoveries . | . . . . . . Exploration | -11 -10 -10 -10 -8 -6 ------------- Run | Yrd Mat Min Sub Rec Fac Turns Passed 7062 | 45 1561 854 2069 1021 1512 Spaces Moved 3976 | 35 841 316 1213 511 1060 Core 20 | 20 . . . . . Treads 3238 | 15 841 316 1213 511 342 Legs 335 | . . . . . 335 Wheels 39 | . . . . . 39 Hover 344 | . . . . . 344 Flight . | . . . . . . Fastest Speed 50 | 50 160 160 160 145 72 Average Speed 147 | 97 160 160 160 158 116 Slowest Speed 160 | 160 160 160 160 160 157 Overloaded Moves . | . . . . . . Propulsion Burnouts . | . . . . . . Robots Hopped . | . . . . . . Cave-ins Triggered . | . . . . . . Exploration Rate (%) 60 | 3 97 79 64 94 25 Regions Visited 5 Branch Regions 3 Pre-discovered Areas 1 | . . 1 . . . Known Exits Taken 1 | . 1 . . . . Unknown Exits Taken 4 | 1 . 1 1 1 . Scrap Searched 9 | . . 2 7 . . Spaces Dug . | . . . . . . Terrain Destroyed 42 | . . 9 20 . 13 Melee . | . . . . . . Projectile 12 | . . . 3 . 9 AOE 26 | . . 9 17 . . Terrain Rammed . | . . . . . . Walls Destroyed . | . . . . . . Machines Disabled . | . . . . . . Actions | -11 -10 -10 -10 -8 -6 --------- Run | Yrd Mat Min Sub Rec Fac Total 4851 | 45 966 660 1291 700 1189 Wait 461 | . 56 336 29 21 19 Move 3971 | 34 840 315 1212 510 1060 Hop . | . . . . . . Pick Up 42 | 5 12 1 5 4 15 Fast Attach 7 | 2 4 . 1 . . Attach 13 | 4 1 . . 1 7 Detach . | . . . . . . Swap 17 | . 2 4 8 . 3 Drop 33 | . 5 2 7 13 6 Fire 170 | . 46 2 29 15 78 Melee . | . . . . . . Ram . | . . . . . . Kick 1 | . . . . . 1 Crush 1 | . . . . 1 . Escape Stasis . | . . . . . . Rewire 135 | . . . . 135 . Trap . | . . . . . . Miscellaneous . | . . . . . . Route ------- -11/Scrapyard -10/Materials (discovered 5 exits: [*Mat x3] / *Min x2) -10/Mines (discovered 3 exits: [*Mat x2] / *Sub) -10/Subcaves (discovered 3 exits: [*Mat x2] / *Rec) -8/Recycling -6/Factory (discovered 1 exit: [*Low]) History --------- Turn | Location | Event 2 | -11/Scrapyard | Met Revision 17 14 | -11/Scrapyard | Discovered new exit (range 16) 46 | -11/Scrapyard | Entered Materials 181 | -10/Materials | Identified exit to Mines 304 | -10/Materials | Build established: Mutant 462 | -10/Materials | Discovered new exit (range 5) 599 | -10/Materials | Discovered new exit (range 10) 681 | -10/Materials | Discovered new exit (range 15) 1223 | -10/Materials | Repaired Beam Cannon 1607 | -10/Materials | Entered Mines 1619 | -10/Mines | Assisted by bots powering up and referring to "LRC-V3" 1751 | -10/Mines | YI-UF0 nonchalantly dropped a Grenade Launcher on the ground 2273 | -10/Mines | Discovered new exit (range 10) 2418 | -10/Mines | Discovered new exit (range 12) 2441 | -10/Mines | Discovered new exit (range 11) 2461 | -10/Mines | Entered Subcaves 2461 | -10/Subcaves | Accompanied by 3 allies 2691 | -10/Subcaves | Discovered new exit (range 8) 2794 | -10/Subcaves | Discovered new exit (range 10) 3282 | -10/Subcaves | Ambushed by angry Subdweller bent on revenge 3335 | -10/Subcaves | Shifting Twisted Machinery released Sub. Optics 4292 | -10/Subcaves | Discovered new exit (range 14) 4342 | -10/Subcaves | Visited Clippyterm 4530 | -10/Subcaves | Entered Recycling 4540 | -8/Recycling | Found Scrap Engine 5006 | -8/Recycling | Build established: Construct 5348 | -8/Recycling | Build established: Commander-Construct 5513 | -8/Recycling | Discovered new exit (range 5) 5551 | -8/Recycling | Entered Factory 5551 | -6/Factory | Accompanied by 11 allies 5551 | -6/Factory | Evolved 8 slots: Power x1, Propulsion x2, Utility x4, Weapon x1 5750 | -6/Factory | Lost 9 allies 5977 | -6/Factory | Discovered new exit (range 7) 6118 | -6/Factory | Build established: Construct 6247 | -6/Factory | Cargo convoy interrupted 6404 | -6/Factory | P-60 Hacker assimilated allied Savior 3a 7063 | -6/Factory | Self-destructed Last Messages --------------- 07053_ HV Slug penetrates Earth. 07054_ Earth collapses. 07054_ Penetrated by Slug. 07055_ HV Slug penetrates H-66 Slayer. 07055_ H-66 Slayer destroyed. 07055_ HV Slug penetrates Wall. 07055_ HV Slug penetrates M-28 Smith. 07055_ HV Slug penetrates Wall. 07055_ Slug penetrates Y-54 Guardian. 07056_ Wall collapses. 07057_ HV Slug penetrates Y-54 Guardian. 07057_ HV Slug penetrates Wall. 07058_ Wall collapses. 07058_ Slug penetrates Assembly Bed. 07058_ Assembly Bed disabled. 07058_ Penetrated by Slug. 07059_ HV Slug penetrates Y-54 Guardian. 07061_ HV Slug penetrates Wall. 07061_ Penetrated by Slug. 07061_ Imp. Heat Sink destroyed. Map ----- +----------------------------------------------------+ | ?????????????????????????????????????????????????? | | ?????????????????????????????????????????????????? | | ?????????????????????????????????????????????????? | | ?????????????????????????????????????????????????? | | ?????????????????????????????????????????????????? | | ?????????????????????????????????????????????????? | | ?????????????????????????????????????????????????? | | ?????????????????????????????????????????????????? | | ?????????????????????????????????????????????????? | | ?????????????????????????????????????????????????? | | ??????????????????????? ?????????????????????????? | | ??????????????????????? ?????????????????????????? | | ????????????????????### ###??????????????????????? | | ????????????????????# ???????????????????????? | | ????????????????????# ???????????????????????? | | ????????????????????? ???????????????????????? | | ????????????????????? ???????????????????????? | | ????????????????????? ???????????????????????? | | ?????????????????????# #???????????????????????? | | ?????????????????????# #???????????????????????? | | ?????????????????????# ###########?????????????? | | ?????????????????????# # ! #?????????????? | | ?????????????????????# # #?????????????? | | ?????????????????????# # """""" #?????????????? | | #######??????????????# !#! """"""???????????????? | | #??????????????#![]@% """""???????????????? | | #??????????????#Y%!;![""""""???????????????? | | ! #??????????????#h=[# #?????????????? | | #??????????????# =*# #?????????????? | | " #?????????????#; =[###########?????????????? | | " #????????????# #!!="???????????????????????? | | " #????????????###!!%"?###########???????????? | | #????????????##;=!["## #???????????? | | #????????????# % = # """" /#???????????? | | ##+##############+## %*# """" #???????????? | | = ! = # """" #???????????? | | % % + """" #???????????? | | t ! # #???????????? | | ##+################# # #????#######? | | # ??????????????## # #????# #? | | # ""?"""???????????## ##+#####/###????# " " #? | | " "Y?"""????????????# ?????# #??????# " " #? | | # ""?"""????????????# #?### ###????# " " #? | | # ????????????????# #?# ###### " " #? | | # """????????????# ### " # " " #? | | # ? """????????????# "T + " " #? | | # ? """????????????# ###### # " " #? | | # ?? ?????????????### ###????# ! #### # " " #? | | #########?????????????# #??????### ###??# # " " #? | | # ??????????????# #????????# #????# # #? | +----------------------------------------------------+ Best States ------------- Heat Dissipation 51 Energy Generation 40 Energy Capacity 656 Matter Stores 300 Matter Capacity 300 Sight Range 16 Terrain Scan Density 10 Armor Coverage 150 Resistance: TH 20 Evasion (%) 60 Recoil Reduction 3 Offensive Hacking 10 Item Schematics ----------------- None Robot Schematics ------------------ None Fabricated ------------ Nothing Alien Tech Used ----------------- None Achievements -------------- None Challenges ------------ None Game ------ Seed SlugMetafiberStreamer Manual? 0 Play Time 00:37:28 Cumulative 57.0 hours Start 2024.08.04 @ 19:08:42 End 2024.08.04 @ 20:32:41 Sessions 2 Manual Loads 0 Difficulty Rogue Special Mode None Game No. 104 Rogue 103 Adventurer 1 Explorer 0 Win Type - Total 0 Types 0/0/0/0/0/0/0/0/0 Lore% 32 Gallery% 45 Achievement% 37 Wizard Run 0 Options --------- Layout 2 ASCII 0 Keyboard 0 Movement Mouse Keybinds 0 Fullscreen 1 Font 48/Smallcaps Map View 50x44 Zoom Use 0% Tactical HUD 1 Map Filters NONE Filters NONE Steam 1 RUN: 50961b2b-367d-44ba-ad96-60ac715ed7f8